 Dungeon Crawl Stone Soup version 0.15.1-3-g1b33baa (webtiles) character file.

83 CrazyArbalest the Shield-Bearer (level 4, -11/31 HPs)
             Began as a Halfling Fighter on Oct 10, 2014.
             Killed by divine providence
             ... invoked by an orc priest
              (13 damage)
             ... on Level 3 of the Dungeon.
             The game lasted 00:11:37 (2353 turns).

CrazyArbalest the Shield-Bearer (Halfling Fighter)  Turns: 2353, Time: 00:11:37

HP -11/31        AC  8     Str 16      XL: 4   Next: 71%
MP   4/4         EV 10     Int  7      God:
Gold 98          SH  6     Dex 14      Spells:  0 memorised,  3 levels left

rFire  . . .     SeeInvis .     b - +0 hunting sling
rCold  . . .     Clarity  .     w - +0 scale mail
rNeg   . . .     rCorr    .     c - +0 buckler
rPois  .         rRot     .     (no helmet)
rElec  .         Spirit   .     (no cloak)
SustAb .         Warding  .     (no gloves)
rMut   .         Stasis   .     g - +0 pair of boots
Gourm  .                        (no amulet)
MR     .....                    (no ring)
                                (no ring)

@: drained, not resistant to hostile enchantments, extremely unstealthy
A: mutation resistance 1
a: no special abilities


You were on level 3 of the Dungeon.
You were not hungry.

You visited 1 branch of the dungeon, and saw 3 of its levels.

You collected 98 gold pieces.

Inventory:

Hand weapons
 a - a +0 cutlass
 b - a +0 hunting sling (weapon)
 H - a +0 short sword of draining
Missiles
 s - 41 sling bullets
 u - 50 stones (quivered)
Armour
 c - a +0 buckler (worn)
 g - a +0 pair of boots (worn)
 w - a +0 scale mail (worn)
 z - a +1 leather armour of magic resistance
Comestibles
 d - 3 bread rations
 o - a meat ration
 q - a royal jelly
 A - a chunk of giant gecko flesh
 B - a rotting chunk of rat flesh
Scrolls
 i - 3 scrolls of teleportation {unknown}
 k - a scroll of enchant armour {unknown}
 l - 4 scrolls of remove curse {unknown}
 t - a scroll of enchant weapon {unknown}
 y - a scroll of noise {unknown}
 E - 2 scrolls of identify {unknown}
Jewellery
 n - an uncursed ring of sustain abilities {unknown}
 p - an uncursed ring of protection from fire {unknown}
 v - an uncursed ring of see invisible {unknown}
Potions
 e - a potion of might
 f - a potion of agility {unknown}
 h - a potion of heal wounds {unknown}
 j - a potion of magic {unknown}
 m - a potion of lignification {unknown}
 r - a potion of confusion {unknown}
 x - a potion of haste {unknown}


   Skills:
 + Level 3.1(2.9) Fighting
 + Level 3.0(2.8) Short Blades
 * Level 1.5(1.3) Slings
 + Level 3.8(3.6) Armour
 + Level 1.3(1.1) Dodging
 + Level 4.1(4.0) Shields


You had 3 spell levels left.
You didn't know any spells.

Dungeon Overview and Level Annotations

Branches:
Dungeon (3/15)

Altars:


Innate Abilities, Weirdness & Mutations

You are small and have problems with some larger weapons.
You are somewhat resistant to further mutation.


Message History

The orc priest invokes the aid of Beogh against you.
Something smites you!
* * * LOW HITPOINT WARNING * * *
Drink which item? (? for menu, Esc to quit)
Okay, then.
Unknown command.
Read which item? (? for menu, Esc to quit)
Okay, then.
Unknown command.
You aren't carrying any items that can be evoked.
Firing (i - inventory. (,) - cycle):
u - 51 stones (quivered)
Press: ? - help, Shift-Dir - straight line, f/p - orc priest
Aim: an orc priest, wielding a falchion (heavily wounded)
You shoot a stone. The stone hits the orc.
The orc is heavily wounded.
The orc hits you but does no damage.
A ball python comes into view.
The orc priest mumbles some strange prayers to Beogh against you.
Something smites you!
You die...

. $ ##. .# ..
$ #.#. ###...
### #....##
#..
###.....###.#
#........#..#
#.#...@o#<#
#.#S#.#)#
#%#.o..
#.###.#. #.
#.#.# .. #(#
# ## #.# #.#
#(#


You could see an orc priest, an orc and a ball python.

Vanquished Creatures
  An adder (D:2)
  2 worms (D:2)
  3 giant geckos (D:2)
  An orc (D:3)
  2 giant cockroaches
  7 hobgoblins
  6 jackals
  8 kobolds
  A ball python (D:2)
  7 bats
  A giant newt (D:1)
  8 goblins
  10 rats
  A plant (D:2)
58 creatures vanquished.

Notes
Turn   | Place    | Note
--------------------------------------------------------------
     0 | D:1      | CrazyArbalest, the Halfling Fighter, began the quest for the Orb.
     0 | D:1      | Reached XP level 1. HP: 15/15 MP: 1/1
   180 | D:1      | Reached XP level 2. HP: 20/20 MP: 2/2
   869 | D:2      | Reached XP level 3. HP: 25/25 MP: 3/3
  1296 | D:2      | Reached skill level 4 in Shields
  1352 | D:2      | HP: 1/26 [bat (1)]
  1478 | D:2      | Reached skill level 1 in Dodging
  1478 | D:2      | Reached XP level 4. HP: 13/31 MP: 4/4
  1974 | D:2      | Reached skill level 1 in Slings
  2353 | D:3      | Killed from afar by an orc priest

Action                   |  1- 3 |  4- 6 || total
-------------------------+-------+-------++-------
Melee: Cutlass           |   130 |    70 ||   200
       Short sword       |       |     9 ||     9
 Fire: Hunting sling     |     3 |    93 ||    96
  Eat: Chunk             |     2 |     3 ||     5
